 Dungeon Crawl Stone Soup version 0.31-a0-656-gb4d89c20fa (webtiles) character file.

Game seed: 14417477853458464219

47 cforsyth the Charlatan (level 3, 0/28 HPs)
             Began as a Gnoll Artificer on Aug 30, 2023.
             Slain by an adder (1 damage)
             ... on level 4 of the Dungeon.
             The game lasted 00:02:47 (1930 turns).

cforsyth the Charlatan (Gnoll Artificer)            Turns: 1930, Time: 00:02:47

Health: 0/28       AC:  4    Str: 11    XL:     3   Next: 70%
Magic:  4/4        EV:  9    Int: 12    God:
Gold:   160        SH:  0    Dex: 12    Spells: 4/4 levels left

rFire   + + .        h - +0 bardiche
rCold   + . .        (shield currently unavailable)
rNeg    . . .        p - +0 leather armour {rF+}
rPois   +            (no helmet)
rElec   +            (no cloak)
rCorr   +            (no gloves)
SInv    .            i - +0 pair of boots
Will    .....        (no amulet)
Stlth   ++           j - +4 ring of slaying
HPRegen 0.24/turn    (no ring)
MPRegen 0.09/turn

%: no passive effects
@: resistant, constricted
A: fangs 1, strong nose, distributed training
a: no special abilities


You were on level 4 of the Dungeon.
You visited 1 branch of the dungeon, and saw 4 of its levels.

You collected 160 gold pieces.

Inventory:

Hand Weapons
 a - a +0 club
 h - a +0 bardiche (weapon)
Armour
 b - a +0 leather armour
 i - a +0 pair of boots (worn)
 p - a +0 leather armour of fire resistance (worn)
Jewellery
 j - a +4 ring of slaying (left hand)
Wands
 c - a wand of flame (35) (quivered)
 d - a wand of charming (15)
 e - a wand of iceblast (5)
Scrolls
 g - 2 scrolls of enchant weapon {unknown}
 l - a scroll of poison {unknown}
 m - 3 scrolls of teleportation {unknown}
 n - a scroll of amnesia {unknown}
 o - 2 scrolls of fog {unknown}
 r - a scroll of acquirement {unknown}
 s - a scroll of vulnerability {unknown}
 t - a scroll of identify {unknown}
Potions
 f - a potion of mutation {unknown}
 k - a potion of resistance
 q - a potion of curing {unknown}
 u - a potion of might {unknown}
 v - a potion of lignification {unknown}


   Skills:
 + Level 2.6 Fighting
 + Level 1.0 Short Blades
 + Level 1.0 Long Blades
 + Level 1.0 Axes
 + Level 1.0 Maces & Flails
 + Level 1.0 Polearms
 + Level 1.0 Staves
 + Level 1.0 Ranged Weapons
 + Level 1.0 Throwing
 + Level 4.6 Armour
 + Level 2.6 Dodging
 + Level 2.4 Stealth
 + Level 1.0 Shields
 + Level 1.0 Unarmed Combat
 + Level 1.0 Spellcasting
 + Level 0.7 Conjurations
 + Level 0.7 Hexes
 + Level 0.7 Summonings
 + Level 0.7 Necromancy
 + Level 0.7 Translocations
 + Level 0.7 Transmutations
 + Level 0.7 Fire Magic
 + Level 0.7 Ice Magic
 + Level 0.7 Air Magic
 + Level 0.7 Earth Magic
 + Level 0.7 Poison Magic
 + Level 1.0 Invocations
 + Level 6.5 Evocations
 + Level 0.8 Shapeshifting


You had 4 spell levels left.
You didn't know any spells.
Your spell library was empty.

Dungeon Overview and Level Annotations

Branches:
Dungeon (4/15)
 Temple: D:4-7

Altars:
Gozag
Nemelex Xobeh
Vehumet


Innate Abilities, Weirdness & Mutations

You have very sharp teeth.
Your uncanny sense of smell can sniff out nearby items.
Your experience applies equally to all skills.


Message History

You are too injured to fight recklessly!
You are too injured to fight recklessly!
You are too injured to fight recklessly!
You are too injured to fight recklessly!
You are too injured to fight recklessly!
Press: ? - help, v - describe, . - travel
Here: a hobgoblin, carrying a wand of flame The floor.
Unknown command.
You closely miss the hobgoblin.
You feel sick.
You are no longer poisoned.
The adder barely misses you. The hobgoblin hits you.
The adder bites you but does no damage.
The hobgoblin zaps a wand.
The puff of flame misses you.
Unknown command.
Unknown command.
Unknown command.
Unknown command.
You closely miss the hobgoblin. The adder closely misses you.
The hobgoblin hits you but does no damage.
The adder bites you.
* * * LOW HITPOINT WARNING * * *
The ball python bites you.
* * * LOW HITPOINT WARNING * * *
The ball python grabs you. The ball python constricts you.
The hobgoblin zaps a wand.
The puff of flame hits you. You resist.
* * * LOW HITPOINT WARNING * * *
The adder closely misses you.
Unknown command.
Unknown command.
Unknown command.
Unknown command.
Unknown command.
It was a potion of resistance.
You feel protected.
The ball python bites you but does no damage.
The ball python constricts you.
* * * LOW HITPOINT WARNING * * *
The hobgoblin barely misses you. The adder bites you.
You die...

### #####..
###.....# ##
........# ##...
#.....#......
♣....<....#.
~..♣..@g.......
♣..♣SS..#._.#
♣. .?........
~~ ........#..
~~ ...........
P♣
..........##.
#####.#+####
#.#


You could see an adder, a hobgoblin and a ball python.

Vanquished Creatures
  A worm (D:3)
  3 dart slugs
  4 endoplasms
  3 giant cockroaches (D:1)
  4 goblins
  4 hobgoblins
  A kobold (D:1)
  A quokka (D:3)
  3 ball pythons
  7 bats
  3 frilled lizards (D:1)
  3 rats (D:1)
37 creatures vanquished.

Notes
Turn   | Place    | Note
-------+----------+-------------------------------------------
     0 | D:1      | cforsyth the Gnoll Artificer began the quest for the Orb.
     0 | D:1      | Reached XP level 1. HP: 17/17 MP: 1/1
   247 | D:1      | Reached XP level 2. HP: 23/23 MP: 2/2
   605 | D:1      | Reached XP level 3. HP: 28/28 MP: 3/3
  1339 | D:3      | Reached skill level 1 in Invocations
  1782 | D:3      | Found a sparkling altar of Nemelex Xobeh.
  1783 | D:3      | Found an opulent altar of Gozag.
  1789 | D:3      | Reached skill level 1 in Short Blades
  1789 | D:3      | Reached skill level 1 in Long Blades
  1789 | D:3      | Reached skill level 1 in Axes
  1789 | D:3      | Reached skill level 1 in Maces & Flails
  1789 | D:3      | Reached skill level 1 in Polearms
  1789 | D:3      | Reached skill level 1 in Staves
  1789 | D:3      | Reached skill level 1 in Ranged Weapons
  1789 | D:3      | Reached skill level 1 in Throwing
  1789 | D:3      | Reached skill level 1 in Shields
  1789 | D:3      | Reached skill level 1 in Unarmed Combat
  1789 | D:3      | Reached skill level 1 in Spellcasting
  1918 | D:4      | Found a radiant altar of Vehumet.
  1929 | D:4      | HP: 1/28 [hobgoblin/puff of flame (5)]
  1930 | D:4      | Slain by an adder

Illustrated notes

Levels and vault maps discovered:
D:1:      ebering_trefoil_twist, layout_rooms, reono_crystal_passage,
          dk_noncrumbling_3
D:2:      layout_loops_ring, minivault_26
D:3:      layout_basic, grunt_temple_overflow_opulence
D:4:      layout_basic, mainiacjoe_overflow_alcove_1, vehumet_altar_wand_db,
          serial_bayou_pond_a, minmay_hollow_rounded_squares, uniq_grinder,
          uniq_sigmund, uniq_blork_the_orc, uniq_pikel

Skill      XL: |  1  2  3 |
---------------+----------+-----
Invocations    | 1 |  1.0
Short Blades   | 1 |  1.0
Long Blades    | 1 |  1.0
Axes           | 1 |  1.0
Maces & Flails | 1 |  1.0
Polearms       | 1 |  1.0
Staves         | 1 |  1.0
Ranged Weapons | 1 |  1.0
Throwing       | 1 |  1.0
Shields        | 1 |  1.0
Unarmed Combat | 1 |  1.0
Spellcasting   | 1 |  1.0
Fighting       | |  2.6
Armour         | |  4.6
Dodging        | |  2.6
Stealth        | |  2.4
Conjurations   | |  0.7
Hexes          | |  0.7
Summonings     | |  0.7
Necromancy     | |  0.7
Translocations | |  0.7
Transmutations | |  0.7
Fire Magic     | |  0.7
Ice Magic      | |  0.7
Air Magic      | |  0.7
Earth Magic    | |  0.7
Poison Magic   | |  0.7
Evocations     | |  6.5
Shapeshifting  | |  0.8

Action                     || total
---------------------------++-------
  Melee: Club              ||    16
         Bardiche          ||    85
         Bite              ||     5
    Use: Potion            ||     1
   Stab: Sleeping          ||     5
         Distracted        ||     1
 Armour: Leather armour    ||    41
  Dodge: Dodged            ||    78

Table legend: (Time is in decaauts)
 A = Elapsed time spent in this place.
 B = Non-inter-level travel time spent in this place.
 C = Inter-level travel time spent in this place.
 D = Time resting spent in this place.
 E = Time spent auto-exploring this place.
 F = Levels seen in this place.
 G = Mean time per level.
                   A        B        C        D        E       F      G
               +--------+--------+--------+--------+--------+-----+--------+
         Total |   2006 |   1929 |     77 |      0 |   1575 |   4 |  501.5 |
       Dungeon |   2006 |   1929 |     77 |      0 |   1575 |   4 |  501.5 |
               +--------+--------+--------+--------+--------+-----+--------+

Top non-repeatable levels by time:
     D:1: 674 daAuts
     D:2: 672 daAuts
     D:3: 639 daAuts
     D:4: 20 daAuts
